 Dungeon Crawl Stone Soup version 0.30.1-4-g462c640d31 (webtiles) character file.

Game seed: 11070469190133724130

480 GimliDwarf the Trooper (level 7, -1/60 HPs)
             Began as a Gnoll Wanderer on Aug 15, 2023.
             Slain by an ogre
             ... wielding a +0 giant club
              (8 damage)
             ... on level 3 of the Dungeon.
             The game lasted 00:11:33 (3451 turns).

GimliDwarf the Trooper (Gnoll Wanderer)             Turns: 3451, Time: 00:11:33

Health: -1/60      AC:  5    Str: 13    XL:     7   Next: 11%
Magic:  12/12      EV: 11    Int: 10    God:
Gold:   216        SH:  5    Dex: 13    Spells: 13/13 levels left

rFire   + . .        r - +2 short sword of the Trees {heavy, rPois rF+}
rCold   + . .        c - +0 buckler
rNeg    . . .        e - +0 leather armour
rPois   +            (no helmet)
rElec   .            l - +0 cloak
rCorr   .            b - +0 pair of gloves
SInv    +            (no boots)
Will    .....        (no amulet)
Stlth   ++           h - ring of protection from cold
HPRegen 0.30/turn    q - ring of see invisible
MPRegen 0.13/turn

%: no passive effects
@: no status effects
A: fangs 1, strong nose, distributed training
a: no special abilities


You were on level 3 of the Dungeon.
You visited 1 branch of the dungeon, and saw 3 of its levels.

You collected 216 gold pieces.

Inventory:

Hand Weapons
 a - a +2 hand axe
 p - a +3 trident
 r - the +2 short sword of the Trees (weapon) {heavy, rPois rF+}
   (You found it on level 2 of the Dungeon)

   rF:        It protects you from fire.
   rPois:     It protects you from poison.
Missiles
 i - 2 atropa-tipped darts
 j - 3 javelins
 s - 8 boomerangs (quivered)
Armour
 b - a +0 pair of gloves (worn)
 c - a +0 buckler (worn)
 e - a +0 leather armour (worn)
 l - a +0 cloak (worn)
Jewellery
 h - a ring of protection from cold (left hand)
 q - a ring of see invisible (right hand)
Scrolls
 d - a scroll of teleportation {unknown}
 f - a scroll of identify {unknown}
 n - a scroll of enchant weapon {unknown}
Potions
 g - 2 potions of might {unknown}
 m - a potion of haste {unknown}
 o - a potion of ambrosia {unknown}


   Skills:
 + Level 7.0 Fighting
 + Level 2.3 Short Blades
 + Level 5.2 Long Blades
 + Level 5.2 Axes
 + Level 2.3 Maces & Flails
 + Level 2.3 Polearms
 + Level 2.3 Staves
 + Level 2.3 Ranged Weapons
 + Level 2.3 Throwing
 + Level 2.3 Armour
 + Level 2.3 Dodging
 + Level 3.4 Stealth
 + Level 3.5 Shields
 + Level 2.3 Unarmed Combat
 + Level 3.7 Spellcasting
 + Level 1.9 Conjurations
 + Level 1.9 Hexes
 + Level 1.9 Summonings
 + Level 1.9 Necromancy
 + Level 1.9 Translocations
 + Level 1.9 Transmutations
 + Level 1.9 Fire Magic
 + Level 1.9 Ice Magic
 + Level 1.9 Air Magic
 + Level 1.9 Earth Magic
 + Level 1.9 Poison Magic
 + Level 2.6 Invocations
 + Level 2.3 Evocations


You had 13 spell levels left.
You didn't know any spells.
Your spell library contained the following spells:

 Spells                   Type           Power      Damage    Failure   Level
 Shock                    Conj/Air       20%        1d4       21%         1
 Ensorcelled Hibernation  Hex/Ice        10%        N/A       30%         2
 Passwall                 Tmut/Erth      4%         N/A       30%         2
 Call Canine Familiar     Summ           5%         N/A       52%         3
 Portal Projectile        Hex/Tloc       10%        N/A       52%         3
 Swiftness                Air            5%         N/A       52%         3
 Airstrike                Air            2%         2d(1-17)  90%         4
 Leda's Liquefaction      Hex/Erth       2%         N/A       90%         4


Dungeon Overview and Level Annotations

Branches:
Dungeon (3/15)

Altars:


Innate Abilities, Weirdness & Mutations

You have very sharp teeth.
Your uncanny sense of smell can sniff out nearby items.
Your experience applies equally to all skills.


Message History

* * * LOW HITPOINT WARNING * * *
The orc attacks as you move away! The orc misses you.
The ogre attacks as you move away! You block the ogre's attack.
The ogre attacks as you move away! You block the ogre's attack.
There is an open door here.
The orc attacks as you move away! You block the orc's attack.
The orc attacks as you move away! You block the orc's attack.
You puncture the orc!
You kill the orc!
There is an open door here.
There is a huge open gate here.
You enter the shallow water.
Moving in this stuff is going to be slow.
The ogre attacks as you move away! The ogre closely misses you.
The ogre barely misses you.
Things that are here:
a +0 falchion; a +0 whip; 4 stones
Items here: ( ))).
Items here: ))) ÷.
Items here: ))))) [[ ÷÷.
Items here: ))))) [ ÷÷÷.
Items here: )))))) [ ÷÷÷÷.
You see here a +0 spear.
Throw: 3 darts (atropa)
Press: ? - help, Shift-Dir - straight line, f/p - ogre
Aim: an ogre, wielding a +0 giant club (moderately wounded, 76% to hit, chance to blind on hit: 63%)
You throw an atropa-tipped dart. The atropa-tipped dart hits the ogre.
The ogre appears confused.
The ogre is moderately wounded.
You hit the ogre.
The ogre is heavily wounded.
The ogre seems less confused.
The ogre hits you with a +0 giant club!
* * * LOW HITPOINT WARNING * * *
You puncture the ogre!
The ogre is severely wounded.
The ogre closely misses you.
You hit the ogre.
The ogre is almost dead.
The ogre is no longer blind.
The ogre hits you with a +0 giant club!
You die...

###...#......############.##.##
####.###)..........# #.##..#
### #)#########.# #.###)# #)#
#.# #.# #.# #)# #.# #.# #.# #)#
####.####.###.# #)#
#........#....#
#)######.##.####.##### #
#....(O@.##.####.# # #
###########.#....# #### #
#.#.#### #... # #....# #.## #
###..# #.## # #..# #.## # #..#
#.## # #..# #.## #
##########..# #.##


You could see an ogre.

Vanquished Creatures
  A black bear (D:3)
  A howler monkey (D:3)
  A hound (D:3)
  19 gnolls (D:3)
  An adder (D:2)
  2 dart slugs (D:3)
  27 orcs (D:3)
  2 ball pythons
  3 bats
  6 endoplasms
  3 giant cockroaches
  7 goblins
  5 hobgoblins
  12 jackals (D:3)
  A quokka (D:1)
  3 frilled lizards
  4 kobolds
  2 rats (D:1)
100 creatures vanquished.

Notes
Turn   | Place    | Note
-------+----------+-------------------------------------------
     0 | D:1      | GimliDwarf the Gnoll Wanderer began the quest for the Orb.
     0 | D:1      | GimliDwarf set off with the following items: a +2 hand axe,
                  | a +0 falchion, a +0 buckler, a potion of attraction, a +0
                  | leather armour.
     0 | D:1      | Reached XP level 1. HP: 23/23 MP: 4/4
    15 | D:1      | Found a faded altar of an unknown god.
   121 | D:1      | Reached XP level 2. HP: 27/29 MP: 5/5
   945 | D:2      | Reached XP level 3. HP: 29/35 MP: 7/7
  1013 | D:2      | Reached skill level 1 in Invocations
  1061 | D:2      | Identified the +2 short sword of the Trees {heavy, rPois
                  | rF+}
  1207 | D:2      | Identified the amulet of Gozag's Respect {Faith rElec rPois
                  | Str+8 Dex-5}
  1366 | D:3      | Reached skill level 1 in Short Blades
  1366 | D:3      | Reached skill level 1 in Maces & Flails
  1366 | D:3      | Reached skill level 1 in Polearms
  1366 | D:3      | Reached skill level 1 in Staves
  1366 | D:3      | Reached skill level 1 in Ranged Weapons
  1366 | D:3      | Reached skill level 1 in Throwing
  1366 | D:3      | Reached skill level 1 in Armour
  1366 | D:3      | Reached skill level 1 in Dodging
  1366 | D:3      | Reached skill level 1 in Unarmed Combat
  1366 | D:3      | Reached skill level 1 in Evocations
  1494 | D:3      | Reached XP level 4. HP: 39/41 MP: 8/8
  1600 | D:3      | Noticed a black bear
  2035 | D:3      | Reached skill level 1 in Conjurations
  2035 | D:3      | Reached skill level 1 in Hexes
  2035 | D:3      | Reached skill level 1 in Summonings
  2035 | D:3      | Reached skill level 1 in Necromancy
  2035 | D:3      | Reached skill level 1 in Translocations
  2035 | D:3      | Reached skill level 1 in Transmutations
  2035 | D:3      | Reached skill level 1 in Fire Magic
  2035 | D:3      | Reached skill level 1 in Ice Magic
  2035 | D:3      | Reached skill level 1 in Air Magic
  2035 | D:3      | Reached skill level 1 in Earth Magic
  2035 | D:3      | Reached skill level 1 in Poison Magic
  2038 | D:3      | Reached XP level 5. HP: 28/47 MP: 9/9
  2211 | D:3      | Killed a black bear
  2212 | D:3      | Reached XP level 6. HP: 53/53 MP: 9/11
  2431 | D:3      | Reached skill level 5 in Long Blades
  2431 | D:3      | Reached skill level 5 in Axes
  3164 | D:3      | Reached skill level 7 in Fighting
  3164 | D:3      | Reached XP level 7. HP: 43/60 MP: 12/12
  3451 | D:3      | Slain by an ogre

Illustrated notes

Levels and vault maps discovered:
D:1:      ncdulo_wetmaze, layout_loops_ring, ebering_ecumenical_altar_webs,
          hex_tiny
D:2:      layout_loops_cross
D:3:      lemuel_castle_with_subvaults [lemuel_castle_interior_carwin_3],
          layout_loops_ring, kennysheep_generic_room_13

Skill      XL: |  1  2  3  4  5  6 |
---------------+-------------------+-----
Invocations    | 1 2 |  2.6
Short Blades   | 1 2 |  2.3
Maces & Flails | 1 2 |  2.3
Polearms       | 1 2 |  2.3
Staves         | 1 2 |  2.3
Ranged Weapons | 1 2 |  2.3
Throwing       | 1 2 |  2.3
Armour         | 1 2 |  2.3
Dodging        | 1 2 |  2.3
Unarmed Combat | 1 2 |  2.3
Evocations     | 1 2 |  2.3
Spellcasting   | 3 |  3.7
Conjurations   | 1 |  1.9
Hexes          | 1 |  1.9
Summonings     | 1 |  1.9
Necromancy     | 1 |  1.9
Translocations | 1 |  1.9
Transmutations | 1 |  1.9
Fire Magic     | 1 |  1.9
Ice Magic      | 1 |  1.9
Air Magic      | 1 |  1.9
Earth Magic    | 1 |  1.9
Poison Magic   | 1 |  1.9
Shields        | 3 |  3.5
Stealth        | 3 |  3.4
Long Blades    | 5 |  5.2
Axes           | 5 |  5.2
Fighting       | 7 |  7.0

Action                     |  1- 3 |  4- 6 |  7- 9 || total
---------------------------+-------+-------+-------++-------
  Melee: Hand axe          |    47 |       |       ||    47
         Bite              |     9 |    13 |       ||    22
         Short sword       |    31 |   139 |    32 ||   202
  Throw: Javelin           |     3 |    10 |       ||    13
         Dart              |       |     6 |     3 ||     9
         Boomerang         |       |    35 |       ||    35
    Use: Scroll            |       |     3 |       ||     3
   Stab: Sleeping          |     3 |     5 |       ||     8
 Armour: Leather armour    |    21 |    49 |     3 ||    73
  Dodge: Dodged            |    45 |   131 |    14 ||   190
  Block: Buckler           |    16 |    50 |     9 ||    75
